 Dungeon Crawl Stone Soup version 0.28-a0-1518-gbe868bca14 (webtiles) character file.

Game seed: 12026382432154512973

1595 Majang the Grappler (level 8, -4/70 HPs)
             Began as a Ghoul Monk on Jan 17, 2022.
             Slain by a two-headed ogre (26 damage)
             ... on level 6 of the Dungeon.
             The game lasted 00:25:29 (5628 turns).

Majang the Grappler (Ghoul Monk)                    Turns: 5628, Time: 00:25:31

Health: -4/70      AC: 11    Str: 17    XL:     8   Next: 93%
Magic:  7/7        EV: 11    Int:  5    God:
Gold:   386        SH:  0    Dex: 11    Spells: 7/7 levels left

rFire   . . .      SeeInvis .     - Unarmed
rCold   + . .      Faith    .   (no shield)
rNeg    + + +      Spirit   .   A - +0 scale mail
rPois   ∞          Reflect  .   z - +0 helmet
rElec   .          Harm     .   g - +1 cloak
rCorr   .          Rampage  .   (no gloves)
Will    .....                   e - +0 pair of boots
Stlth   ..........              (no amulet)
HPRegen 0.00/turn               (no ring)
MPRegen 0.10/turn               (no ring)

@: inhibited regen, studying 2 skills
A: claws 1, cold resistance 1, negative energy resistance 3, inhibited
regeneration, torment resistance 2
a: no special abilities


You were on level 6 of the Dungeon.
You visited 1 branch of the dungeon, and saw 6 of its levels.
You also visited: Sewer.

You collected 386 gold pieces.

Inventory:

Hand Weapons
 a - a +3 hunting sling
 m - the +7 spear of Megalomania {freeze, rElec rN+ Stlth+}
   (You found it on level 5 of the Dungeon)

   It freezes those it strikes, dealing additional cold damage.
   It can also slow down cold-blooded creatures.
   rElec:     It insulates you from electricity.
   rN:        It protects you from negative energy.
   Stlth:     It makes you more stealthy.
Missiles
 l - 8 poisoned darts (quivered)
 r - 2 javelins
 x - 211 stones
 B - 67 sling bullets
Armour
 c - a +0 ring mail
 e - a +0 pair of boots (worn)
 g - a +1 cloak (worn)
 k - a +0 chain mail
 z - a +0 helmet (worn)
 A - a +0 scale mail (worn)
Scrolls
 b - a scroll of fog
 d - 3 scrolls of identify
 i - a scroll of teleportation
 n - a scroll of amnesia
 p - a scroll of blinking
Potions
 f - 3 potions of haste
 j - 2 potions of might
 q - 2 potions of flight
 s - 3 potions of heal wounds
 t - a potion of resistance
 u - a potion of invisibility
 v - 2 potions of attraction
 y - 2 potions of curing


   Skills:
 + Level 6.1 Fighting
 + Level 2.4(2.9) Slings
 - Level 2.2(2.7) Throwing
 + Level 3.4 Armour
 + Level 4.5 Dodging
 - Level 2.1 Stealth
 * Level 8.2 Unarmed Combat


You had 7 spell levels left.
You didn't know any spells.
Your spell library contained the following spells:

 Spells                   Type           Power      Damage    Failure   Level
 Summon Guardian Golem    Hex/Summ       0%         N/A       99%         3
 Petrify                  Tmut/Erth      0%         N/A       100%        4
 Irradiate                Conj/Tmut      0%         3d13      100%        5
 Orb of Destruction       Conj           0%         9d5       100%        7
 Spellforged Servitor     Conj/Summ      0%         N/A       100%        7
 Sublimation of Blood     Necr           Unusable   N/A       N/A         2

Dungeon Overview and Level Annotations

Branches:
Dungeon (6/15)              Sewer (visited)
 Temple: D:4-7

Altars:
Hepliaklqana

Shops:
D:1 [


Innate Abilities, Weirdness & Mutations

You thrive by killing the living.
You are immune to poison.
You have sharp fingernails.
Your flesh is cold resistant. (rC+)
You are immune to negative energy. (rN+++)
You do not regenerate when monsters are visible.
You are immune to unholy pain and torment.


Message History

The throwing net barely misses the two-headed ogre.
The two-headed ogre hits you with a +0 giant spiked club! x2
Throw: 2 throwing nets
Press: ? - help, Shift-Dir - straight line, f/p - two-headed ogre
Aim: a two-headed ogre, wielding two +0 giant spiked clubs (75% to hit)
You throw a throwing net.
The throwing net hits the two-headed ogre.
The two-headed ogre is caught in the net!
You scratch the two-headed ogre.
The two-headed ogre is lightly wounded.
The two-headed ogre struggles against the net.
You claw the two-headed ogre!
The two-headed ogre is moderately wounded.
The two-headed ogre struggles against the net.
You catch the helpless two-headed ogre completely off-guard!
You scratch the two-headed ogre.
The two-headed ogre is heavily wounded.
The two-headed ogre struggles against the net.
You catch the helpless two-headed ogre completely off-guard!
You claw the two-headed ogre!
The two-headed ogre is severely wounded.
The two-headed ogre struggles against the net.
You scratch the two-headed ogre but do no damage.
The two-headed ogre is severely wounded.
The two-headed ogre struggles against the net.
The net rips apart, and the two-headed ogre comes free!
You scratch the two-headed ogre but do no damage.
The two-headed ogre is severely wounded.
The two-headed ogre barely misses you.
The two-headed ogre hits you with a +0 giant spiked club!!
You scratch the two-headed ogre.
You claw the two-headed ogre, but do no damage.
The two-headed ogre is severely wounded.
Throw: throwing net
Press: ? - help, Shift-Dir - straight line, f/p - two-headed ogre
Aim: a two-headed ogre, wielding two +0 giant spiked clubs (severely wounded, 75% to hit)
You throw a throwing net.
The throwing net barely misses the two-headed ogre.
The two-headed ogre hits you with a +0 giant spiked club!!
You die...

# . ## ## .# ..##.# #.#
#....### #.#
##......####.<#
##..........@O(#
...............## ##.
...............(# ##..#
#............#...###...#
##..........####......###
##........## .......#
#........# ##.....#
#.......## ##.....#
##......######......#


You could see a two-headed ogre.

Vanquished Creatures
  Grinder (D:3)
  An ice beast (D:3)
  A sky beast (D:5)
  An ogre (D:5)
  A phantom (D:3)
  2 centaurs (D:5)
  2 bullfrogs (Sewer)
  4 scorpions
  A howler monkey (D:4)
  A centaur zombie (D:5)
  An iguana (D:6)
  A killer bee zombie (D:5)
  2 hound zombies (D:5)
  Robin (D:3)
  7 gnolls
  12 adders
  8 river rats (Sewer)
  4 worms
  2 dart slugs
  An orc (D:5)
  9 ball pythons
  3 bats
  7 endoplasms
  3 giant cockroaches (D:1)
  9 hobgoblins
  5 kobolds
  11 frilled lizards
  13 goblins
  25 rats
139 creatures vanquished.

Vanquished Creatures (others)
  A goblin (D:3)
  5 toadstools (D:1)
6 creatures vanquished.

Grand Total: 145 creatures vanquished

Notes
Turn   | Place    | Note
-------+----------+-------------------------------------------
     0 | D:1      | Majang the Ghoul Monk began the quest for the Orb.
     0 | D:1      | Reached XP level 1. HP: 19/19 MP: 0/0
   115 | D:1      | Reached XP level 2. HP: 26/26 MP: 1/1
   220 | D:1      | Found Likk's Armour Shop.
   360 | D:1      | Reached skill level 4 in Unarmed Combat
   736 | D:1      | Reached XP level 3. HP: 33/33 MP: 2/2
   790 | D:1      | Found a faded altar of an unknown god.
  1153 | D:2      | Reached XP level 4. HP: 24/40 MP: 3/3
  1353 | D:2      | Reached skill level 5 in Unarmed Combat
  1901 | D:2      | Reached XP level 5. HP: 45/46 MP: 4/4
  1999 | D:3      | Found a hazy altar of Hepliaklqana.
  2040 | D:3      | Noticed a phantom
  2058 | D:3      | Found a glowing drain.
  2068 | Sewer    | Entered a sewer
  2506 | Sewer    | Reached skill level 1 in Throwing
  2506 | Sewer    | Reached skill level 1 in Armour
  2679 | Sewer    | Reached XP level 6. HP: 42/53 MP: 5/5
  2888 | Sewer    | Reached skill level 6 in Unarmed Combat
  3083 | D:3      | You fall into a shaft and drop 1 floor!
  3145 | D:3      | Noticed Grinder
  3157 | D:3      | Paralysed by Grinder for 2 turns
  3168 | D:3      | Killed Grinder
  3169 | D:3      | Reached skill level 5 in Fighting
  3169 | D:3      | Reached XP level 7. HP: 61/61 MP: 6/6
  3214 | D:3      | Noticed Robin
  3221 | D:3      | Killed Robin
  4016 | D:3      | Reached skill level 7 in Unarmed Combat
  4038 | D:3      | Reached skill level 1 in Slings
  4038 | D:3      | Reached XP level 8. HP: 68/69 MP: 7/7
  4513 | D:5      | Entered Level 5 of the Dungeon
  5106 | D:5      | Reached skill level 8 in Unarmed Combat
  5260 | D:5      | Identified the +7 spear of Megalomania {freeze, rElec rN+
                  | Stlth+}
  5615 | D:6      | Noticed a two-headed ogre
  5628 | D:6      | Slain by a two-headed ogre

Illustrated notes

Levels and vault maps discovered:
D:1:      minmay_arrival_doors, layout_loops_ring,
          shapermc_ecumenical_altar_acropolis, serial_shops, shop,
          minmay_gold_behind_fungi
D:2:      layout_loops_ring, minmay_small_reverse_x
D:3:      layout_basic, lemuel_crystal_altar, cheibrodos_sewer_entry_sluice,
          uniq_robin, uniq_grinder
D:4:      layout_rooms
D:5:      layout_loops_ring, minmay_manual_mares
D:6:      layout_layer_cave, minmay_temple_entry_sparse_star, serial_shops,
          shop, st_stairs_14, dk_noncrumbling_2

Skill      XL: |  1  2  3  4  5  6  7  8 |
---------------+-------------------------+-----
Unarmed Combat | 4 5 6 7 8 |  8.2
Fighting       | 4 5 6 |  6.1
Throwing       | 1 2 |  2.2
Armour         | 1 2 3 |  3.4
Dodging        | 3 4 |  4.5
Slings         | 1 2 |  2.4
Stealth        | |  2.1

Action                   |  1- 3 |  4- 6 |  7- 9 || total
-------------------------+-------+-------+-------++-------
Melee: Unarmed           |   122 |   207 |   162 ||   491
       Punch             |     5 |     6 |     9 ||    20
 Fire: Hunting sling     |       |       |    27 ||    27
Throw: Throwing net      |       |     1 |     4 ||     5
  Use: Scroll            |       |     3 |    15 ||    18
       Potion            |       |     2 |       ||     2
 Stab: Sleeping          |       |     1 |       ||     1
       Held in net/web   |       |       |     2 ||     2
Armor: Ring mail         |    35 |    97 |     6 ||   138
       Robe              |     1 |       |       ||     1
       Scale mail        |       |       |    53 ||    53
Dodge: Dodged            |    66 |   159 |    85 ||   310

Table legend: (Time is in decaauts)
 A = Elapsed time spent in this place.
 B = Non-inter-level travel time spent in this place.
 C = Inter-level travel time spent in this place.
 D = Time resting spent in this place.
 E = Time spent auto-exploring this place.
 F = Levels seen in this place.
 G = Mean time per level.
                   A        B        C        D        E       F      G
               +--------+--------+--------+--------+--------+-----+--------+
         Total |   5613 |   5453 |    160 |   1256 |   2578 |   7 |  801.9 |
       Dungeon |   4558 |   4398 |    160 |    685 |   2578 |   6 |  759.7 |
         Sewer |   1054 |   1054 |      0 |    571 |      0 |   1 | 1054.0 |
               +--------+--------+--------+--------+--------+-----+--------+

Top non-repeatable levels by time:
     D:2: 1173 daAuts
   Sewer: 1054 daAuts
     D:1: 966 daAuts
     D:5: 866 daAuts
     D:3: 828 daAuts
     D:4: 643 daAuts
     D:6: 80 daAuts
